[ PARTIDA AOE2 · #478991582 ]
UnrankedBritanos vs Malians
[ ANÁLISIS DE REPETICIÓN · EXTRAÍDO DE LA PARTIDA GRABADA ]
Feudal
—
Castillos
—
Imperial
—
| APM promedio | 24.0 |
| APM pico | 72 |
| eAPM promedio | 9.3 |
| Aldeanos / militares | 40 / 23 |
Foco
⚔️ 31.5% · 🌾 68.5%
Longbowman ×18 · Mangonel ×3 · Petard ×2
Feudal
10:57
Castillos
14:39
Imperial
26:31
| APM promedio | 28.6 |
| APM pico | 73 |
| eAPM promedio | 16.0 |
| Aldeanos / militares | 103 / 89 |
Foco
⚔️ 17.8% · 🌾 82.2%
Elephant Archer ×68 · Skirmisher ×15 · Bombard Cannon ×5 · Monk ×1
Feudal
10:57
Castillos
14:48
Imperial
—
| APM promedio | 32.4 |
| APM pico | 55 |
| eAPM promedio | 20.4 |
| Aldeanos / militares | 70 / 47 |
Foco
⚔️ 53.1% · 🌾 46.9%
Samurai ×37 · Scorpion ×8 · Petard ×2 · Unknown (1105) ×1
Feudal
10:57
Castillos
14:27
Imperial
30:10
| APM promedio | 27.8 |
| APM pico | 53 |
| eAPM promedio | 17.2 |
| Aldeanos / militares | 159 / 42 |
Foco
⚔️ 23.8% · 🌾 76.2%
Mangudai ×25 · Mangonel ×13 · Trebuchet (Packed) ×3 · Monk ×1
Feudal
10:32
Castillos
14:43
Imperial
31:58
| APM promedio | 41.0 |
| APM pico | 83 |
| eAPM promedio | 27.2 |
| Aldeanos / militares | 150 / 199 |
Foco
⚔️ 29.4% · 🌾 70.6%
Skirmisher ×185 · Unknown (1942) ×13 · Archer ×12 · Mangonel ×2
Feudal
10:55
Castillos
14:35
Imperial
29:27
| APM promedio | 36.9 |
| APM pico | 70 |
| eAPM promedio | 20.5 |
| Aldeanos / militares | 127 / 107 |
Foco
⚔️ 25.2% · 🌾 74.8%
Cavalry Archer ×82 · Scout Cavalry ×18 · Monk ×2 · Mangonel ×2 · Scorpion ×2 · Trebuchet (Packed) ×1
Feudal
—
Castillos
—
Imperial
—
| APM promedio | 38.6 |
| APM pico | 65 |
| eAPM promedio | 19.4 |
| Aldeanos / militares | 122 / 78 |
Foco
⚔️ 26.4% · 🌾 73.6%
Mangonel ×40 · Gbeto ×31 · Trebuchet (Packed) ×4 · Battering Ram ×2 · Scorpion ×1
Feudal
11:46
Castillos
15:16
Imperial
28:46
| APM promedio | 34.7 |
| APM pico | 70 |
| eAPM promedio | 18.8 |
| Aldeanos / militares | 106 / 60 |
Foco
⚔️ 19.0% · 🌾 81.0%
Hussite Wagon ×54 · Trebuchet (Packed) ×4 · Petard ×2
Mapa de la partida
Recursos iniciales + cada clic de construcción. Líneas = muros · curvas = relieve. ◆ oro · ⬟ piedra · ● bayas · ✦ reliquia · ◌ hueco del cierre
Tu base· ✓ Cerrada en 11:29 · 0t muro · 2 puerta(s)
Base de Black-ants· ✓ Cerrada en 14:39 · 0t muro · 2 puerta(s)
Base de 白鹿城大兵WOLOLO· ✓ Cerrada en 14:48 · 0t muro · 3 puerta(s)
Base de 弔戼· ✓ Cerrada en 14:27 · 0t muro · 3 puerta(s)
Base de Youtube / Saqo Age of empires 2· ✓ Cerrada en 14:43 · 0t muro · 2 puerta(s)
Base de AI (CD Version)· ✓ Cerrada en 14:35 · 0t muro · 2 puerta(s)
Base de MACTSAI5125· ✓ Cerrada en 11:43 · 0t muro · 3 puerta(s)
Base de 76561199637451154· ✓ Cerrada en 15:16 · 0t muro · 3 puerta(s)
Terreno inicial suavizado · ◌ = hueco del cierre detectado · pasá el cursor para detalles
Inputs por minuto
— Mr CHEN9898 - - Black-ants
Build order — Mr CHEN9898
111 acciones detectadas en el replay
| 0:01 | Crear | Villager (Male) |
| 0:01 | Crear | Villager (Male) |
| 0:03 | Construir | House |
| 0:04 | Construir | House |
| 0:20 | Crear | Villager (Male) |
| 0:28 | Crear | Villager (Male) |
| 1:22 | Crear | Villager (Male) |
| 2:02 | Crear | Villager (Male) |
| 2:03 | Crear | Villager (Male) |
| 2:09 | Construir | Lumber Camp |
| 2:49 | Crear | Villager (Male) |
| 2:50 | Crear | Villager (Male) |
| 3:25 | Construir | House |
| 3:47 | Crear | Villager (Male) |
| 3:48 | Crear | Villager (Male) |
| 3:48 | Crear | Villager (Male) |
| 3:49 | Crear | Villager (Male) |
| 4:03 | Construir | House |
| 4:18 | Construir | Mill |
| 4:27 | Crear | Villager (Male) |
| 4:47 | Crear | Villager (Male) |
| 4:48 | Crear | Villager (Male) |
| 5:18 | Crear | Villager (Male) |
| 5:23 | Crear | Villager (Male) |
| 5:36 | Crear | Villager (Male) |
| 6:03 | Crear | Villager (Male) |
| 6:38 | Crear | Villager (Male) |
| 6:56 | Crear | Villager (Male) |
| 7:48 | Construir | Mining Camp |
| 8:00 | Construir | Farm |
| 8:03 | Construir | Farm |
| 8:20 | Investigar | Feudal Age |
| 8:20 | Investigar | Feudal Age |
| 9:56 | Crear | Villager (Male) |
| 9:56 | Crear | Villager (Male) |
| 10:41 | Construir | Market |
| 10:49 | Construir | Blacksmith |
| 11:19 | Construir | House |
| 11:29 | Investigar | Castle Age |
| 11:29 | Investigar | Castle Age |
| 11:33 | Investigar | Double-Bit Axe |
| 11:36 | Investigar | Horse Collar |
| 11:39 | Construir | Farm |
| 11:41 | Construir | Farm |
| 12:09 | Construir | Mining Camp |
| 13:05 | Investigar | Gold Mining |
| 13:11 | Investigar | Fletching |
| 13:27 | Investigar | Stone Mining |
| 13:51 | Crear | Villager (Male) |
| 14:14 | Crear | Villager (Male) |
| 14:28 | Crear | Villager (Male) |
| 14:46 | Crear | Villager (Male) |
| 15:18 | Crear | Villager (Male) |
| 15:35 | Construir | Stone Wall |
| 15:41 | Construir | Castle |
| 15:56 | Construir | House |
| 16:10 | Construir | Palisade Gate |
| 16:17 | Crear | Villager (Male) |
| 16:24 | Construir | Farm |
| 16:27 | Construir | Farm |
| 16:34 | Crear | Villager (Male) |
| 16:51 | Construir | Stone Wall |
| 17:01 | Construir | Stone Wall |
| 17:02 | Construir | Stone Wall |
| 17:03 | Construir | Stone Wall |
| 17:12 | Crear | Longbowman ×5 |
| 17:14 | Crear | Villager (Male) |
| 17:35 | Construir | Outpost |
| 17:36 | Crear | Villager (Male) |
| 17:45 | Construir | Siege Workshop |
| 17:47 | Crear | Villager (Male) |
| 17:55 | Construir | Stone Wall |
| 17:58 | Crear | Villager (Male) |
| 18:09 | Crear | Mangonel |
| 18:21 | Investigar | Fletching |
| 18:21 | Investigar | Fletching |
| 19:02 | Crear | Mangonel |
| 19:03 | Crear | Villager (Male) |
| 19:06 | Investigar | Loom |
| 19:06 | Investigar | Loom |
| 19:26 | Construir | Mill |
| 19:32 | Crear | Villager (Male) |
| 19:37 | Investigar | Town Watch |
| 19:37 | Investigar | Town Watch |
| 19:50 | Crear | Longbowman |
| 19:50 | Crear | Longbowman |
| 20:27 | Construir | House |
| 20:56 | Crear | Petard |
| 20:56 | Crear | Petard |
| 21:01 | Investigar | Padded Archer Armor |
| 21:57 | Crear | Longbowman ×5 |
| 21:59 | Crear | Villager (Male) |
| 22:04 | Construir | Farm |
| 22:04 | Construir | Farm |
| 22:04 | Construir | Farm |
| 22:04 | Construir | Farm |
| 22:05 | Construir | Farm |
| 22:05 | Construir | Farm |
| 22:34 | Crear | Villager (Male) |
| 22:37 | Construir | Farm |
| 22:47 | Construir | Stone Wall |
| 23:05 | Crear | Longbowman |
| 23:05 | Crear | Longbowman |
| 23:14 | Investigar | Bodkin Arrow |
| 23:34 | Investigar | Leather Archer Armor |
| 23:59 | Crear | Longbowman |
| 23:59 | Crear | Longbowman |
| 24:00 | Crear | Longbowman |
| 24:00 | Crear | Longbowman |
| 25:13 | Crear | Mangonel |
| 25:20 | Crear | Villager (Male) |
Build order — Black-ants
Primeras 150 de 289 acciones detectadas
| 0:02 | Crear | Villager (Male) |
| 0:02 | Crear | Villager (Male) |
| 0:03 | Crear | Villager (Male) |
| 0:03 | Crear | Villager (Male) |
| 0:05 | Construir | House |
| 0:07 | Construir | House |
| 0:09 | Construir | House |
| 0:10 | Construir | House |
| 1:02 | Construir | House |
| 1:31 | Crear | Villager (Male) |
| 1:58 | Construir | Lumber Camp |
| 2:02 | Crear | Villager (Male) |
| 2:30 | Crear | Villager (Male) |
| 2:31 | Crear | Villager (Male) |
| 3:15 | Crear | Villager (Male) |
| 3:21 | Crear | Villager (Male) |
| 4:06 | Crear | Villager (Male) |
| 4:08 | Crear | Villager (Male) |
| 4:32 | Crear | Villager (Male) |
| 4:54 | Crear | Villager (Male) |
| 4:55 | Crear | Villager (Male) |
| 5:06 | Construir | Mill |
| 5:55 | Crear | Villager (Male) |
| 6:18 | Crear | Villager (Male) |
| 6:18 | Crear | Villager (Male) |
| 6:19 | Crear | Villager (Male) |
| 6:21 | Crear | Villager (Male) |
| 6:22 | Crear | Villager (Male) |
| 6:48 | Construir | Lumber Camp |
| 6:54 | Crear | Villager (Male) |
| 7:41 | Crear | Villager (Male) |
| 7:41 | Crear | Villager (Male) |
| 7:48 | Construir | Farm |
| 7:49 | Construir | Farm |
| 7:52 | Construir | Farm |
| 7:55 | Construir | Farm |
| 8:32 | Investigar | Feudal Age |
| 8:35 | Construir | Mining Camp |
| 9:09 | Construir | House |
| 10:51 | Crear | Villager (Male) |
| 10:51 | Crear | Villager (Male) |
| 10:57 | Edad | Edad Feudal |
| 10:58 | Construir | Blacksmith |
| 10:59 | Construir | Market |
| 11:17 | Investigar | Double-Bit Axe |
| 11:59 | Investigar | Castle Age |
| 12:16 | Investigar | Horse Collar |
| 14:29 | Crear | Villager (Male) |
| 14:39 | Edad | Edad de los Castillos |
| 14:40 | Construir | Town Center |
| 14:46 | Construir | Town Center |
| 14:47 | Investigar | Bow Saw |
| 14:48 | Investigar | Bow Saw |
| 14:51 | Investigar | Heavy Plow |
| 15:03 | Construir | Farm |
| 15:04 | Construir | Farm |
| 15:21 | Construir | Monastery |
| 15:31 | Investigar | Wheelbarrow |
| 15:43 | Construir | House |
| 15:44 | Construir | House |
| 15:57 | Construir | Farm |
| 15:59 | Construir | Farm |
| 16:00 | Crear | Villager (Male) |
| 16:10 | Construir | Farm |
| 16:11 | Construir | Farm |
| 16:11 | Construir | Farm |
| 16:16 | Construir | Farm |
| 16:24 | Crear | Villager (Male) |
| 16:34 | Construir | Farm |
| 16:38 | Construir | Farm |
| 16:40 | Crear | Villager (Male) |
| 16:45 | Construir | Farm |
| 16:59 | Construir | Farm |
| 17:01 | Crear | Villager (Male) |
| 17:07 | Crear | Villager (Male) |
| 17:10 | Construir | Farm |
| 17:15 | Construir | House |
| 17:17 | Crear | Monk |
| 17:28 | Crear | Villager (Male) |
| 17:31 | Construir | Farm |
| 17:38 | Construir | Farm |
| 17:39 | Crear | Villager (Male) |
| 17:39 | Crear | Villager (Male) |
| 17:41 | Construir | Farm |
| 17:47 | Construir | House |
| 17:48 | Construir | House |
| 17:49 | Construir | House |
| 17:50 | Construir | House |
| 17:51 | Crear | Villager (Male) |
| 17:59 | Crear | Villager (Male) |
| 18:00 | Crear | Villager (Male) |
| 18:06 | Construir | Farm |
| 18:15 | Crear | Villager (Male) |
| 18:21 | Construir | Farm |
| 18:22 | Crear | Villager (Male) |
| 18:24 | Crear | Villager (Male) |
| 18:26 | Construir | Farm |
| 18:32 | Crear | Villager (Male) |
| 18:43 | Crear | Villager (Male) |
| 18:52 | Construir | Farm |
| 18:54 | Crear | Villager (Male) |
| 18:54 | Crear | Villager (Male) |
| 18:59 | Construir | Farm |
| 19:00 | Construir | Farm |
| 19:04 | Crear | Villager (Male) |
| 19:05 | Crear | Villager (Male) |
| 19:10 | Construir | Farm |
| 19:17 | Construir | Farm |
| 19:18 | Crear | Villager (Male) |
| 19:22 | Crear | Villager (Male) |
| 19:31 | Crear | Villager (Male) |
| 19:34 | Construir | Farm |
| 19:35 | Crear | Villager (Male) |
| 19:44 | Construir | Farm |
| 19:45 | Crear | Villager (Male) |
| 19:48 | Construir | House |
| 19:49 | Construir | House |
| 19:50 | Crear | Villager (Male) |
| 20:01 | Crear | Villager (Male) |
| 20:05 | Construir | Farm |
| 20:06 | Crear | Villager (Male) |
| 20:11 | Construir | House |
| 20:12 | Construir | House |
| 20:13 | Construir | House |
| 20:14 | Construir | House |
| 20:14 | Construir | House |
| 20:14 | Construir | House |
| 20:27 | Investigar | Gold Mining |
| 20:30 | Crear | Villager (Male) |
| 20:31 | Crear | Villager (Male) |
| 20:42 | Crear | Villager (Male) |
| 20:50 | Crear | Villager (Male) |
| 20:52 | Construir | Farm |
| 20:53 | Crear | Villager (Male) |
| 21:01 | Crear | Villager (Male) |
| 21:09 | Construir | University |
| 21:10 | Crear | Villager (Male) |
| 21:24 | Crear | Villager (Male) |
| 21:28 | Crear | Villager (Male) |
| 21:30 | Construir | House |
| 21:31 | Construir | House |
| 21:33 | Crear | Villager (Male) |
| 21:35 | Construir | Mining Camp |
| 21:44 | Construir | Farm |
| 21:45 | Crear | Villager (Male) |
| 22:06 | Crear | Villager (Male) |
| 22:11 | Crear | Villager (Male) |
| 22:15 | Construir | Farm |
| 22:16 | Construir | Farm |
| 22:17 | Crear | Villager (Male) |
Build order — 白鹿城大兵WOLOLO
Primeras 150 de 185 acciones detectadas
| 0:01 | Crear | Villager (Male) |
| 0:02 | Crear | Villager (Male) |
| 0:02 | Crear | Villager (Male) |
| 0:02 | Crear | Villager (Male) |
| 0:05 | Construir | House |
| 0:08 | Construir | House |
| 1:26 | Crear | Villager (Male) |
| 1:26 | Crear | Villager (Male) |
| 1:51 | Crear | Villager (Male) |
| 2:17 | Crear | Villager (Male) |
| 2:34 | Construir | Lumber Camp |
| 2:39 | Crear | Villager (Male) |
| 2:39 | Crear | Villager (Male) |
| 3:05 | Construir | House |
| 3:08 | Construir | House |
| 3:09 | Construir | House |
| 3:14 | Crear | Villager (Male) |
| 3:15 | Crear | Villager (Male) |
| 4:04 | Crear | Villager (Male) |
| 4:05 | Crear | Villager (Male) |
| 4:18 | Crear | Villager (Male) |
| 4:32 | Crear | Villager (Male) |
| 4:46 | Crear | Villager (Male) |
| 5:06 | Crear | Villager (Male) |
| 5:06 | Crear | Villager (Male) |
| 5:19 | Crear | Villager (Male) |
| 5:46 | Construir | Mill |
| 6:05 | Crear | Villager (Male) |
| 6:06 | Crear | Villager (Male) |
| 6:19 | Crear | Villager (Male) |
| 6:19 | Crear | Villager (Male) |
| 7:36 | Construir | Mining Camp |
| 8:32 | Investigar | Feudal Age |
| 8:35 | Construir | Mining Camp |
| 9:10 | Construir | Farm |
| 9:33 | Construir | Farm |
| 9:51 | Crear | Villager (Male) |
| 9:51 | Crear | Villager (Male) |
| 9:51 | Crear | Villager (Male) |
| 10:57 | Edad | Edad Feudal |
| 11:03 | Construir | Blacksmith |
| 11:14 | Construir | Market |
| 12:08 | Investigar | Castle Age |
| 12:25 | Investigar | Double-Bit Axe |
| 12:57 | Construir | Farm |
| 13:12 | Construir | Farm |
| 13:47 | Investigar | Loom |
| 14:43 | Crear | Villager (Male) |
| 14:43 | Crear | Villager (Male) |
| 14:43 | Crear | Villager (Male) |
| 14:43 | Crear | Villager (Male) |
| 14:48 | Edad | Edad de los Castillos |
| 14:54 | Construir | Castle |
| 15:08 | Construir | House |
| 16:25 | Construir | Farm |
| 16:26 | Construir | Farm |
| 17:17 | Construir | Castle |
| 17:25 | Crear | Villager (Male) |
| 17:25 | Crear | Villager (Male) |
| 17:45 | Construir | Farm |
| 18:05 | Investigar | Fletching |
| 18:09 | Construir | Farm |
| 18:38 | Crear | Villager (Male) |
| 19:15 | Construir | Siege Workshop |
| 19:18 | Crear | Villager (Male) |
| 19:41 | Investigar | Padded Archer Armor |
| 19:47 | Construir | Farm |
| 19:55 | Construir | Farm |
| 19:58 | Construir | Farm |
| 20:18 | Crear | Villager (Male) |
| 20:19 | Crear | Villager (Male) |
| 20:19 | Crear | Villager (Male) |
| 20:39 | Crear | Scorpion |
| 20:45 | Crear | Scorpion |
| 20:45 | Crear | Scorpion |
| 21:05 | Construir | Farm |
| 21:20 | Construir | Farm |
| 21:38 | Crear | Villager (Male) |
| 21:38 | Crear | Villager (Male) |
| 21:38 | Crear | Villager (Male) |
| 21:46 | Crear | Scorpion |
| 22:11 | Crear | Scorpion |
| 22:11 | Crear | Scorpion |
| 22:35 | Investigar | Horse Collar |
| 22:38 | Construir | Farm |
| 22:46 | Crear | Villager (Male) |
| 22:46 | Crear | Villager (Male) |
| 23:03 | Crear | Scorpion |
| 23:28 | Crear | Villager (Male) |
| 23:28 | Crear | Villager (Male) |
| 23:28 | Crear | Villager (Male) |
| 23:28 | Crear | Villager (Male) |
| 23:44 | Crear | Scorpion |
| 24:07 | Crear | Villager (Male) |
| 24:07 | Crear | Villager (Male) |
| 24:13 | Crear | Samurai |
| 24:13 | Crear | Samurai |
| 24:14 | Crear | Samurai |
| 24:32 | Crear | Petard |
| 24:33 | Crear | Petard |
| 24:42 | Construir | Farm |
| 24:45 | Construir | Farm |
| 24:49 | Crear | Villager (Male) |
| 24:49 | Crear | Villager (Male) |
| 24:49 | Crear | Villager (Male) |
| 26:02 | Crear | Unit 1105 |
| 26:06 | Crear | Samurai |
| 26:06 | Crear | Samurai |
| 26:06 | Crear | Samurai |
| 26:18 | Construir | House |
| 26:19 | Construir | House |
| 26:20 | Construir | House |
| 27:05 | Crear | Samurai |
| 27:05 | Crear | Samurai |
| 27:05 | Crear | Samurai |
| 27:05 | Crear | Samurai |
| 27:06 | Crear | Samurai |
| 27:06 | Crear | Samurai |
| 27:19 | Crear | Samurai |
| 28:00 | Crear | Villager (Male) |
| 28:00 | Crear | Villager (Male) |
| 28:00 | Crear | Villager (Male) |
| 28:00 | Crear | Villager (Male) |
| 28:42 | Construir | Castle |
| 29:05 | Crear | Samurai |
| 29:05 | Crear | Samurai |
| 29:05 | Crear | Samurai |
| 29:06 | Crear | Samurai |
| 29:06 | Crear | Samurai |
| 29:06 | Crear | Samurai |
| 30:20 | Construir | Mining Camp |
| 31:13 | Crear | Samurai |
| 31:13 | Crear | Samurai |
| 31:13 | Crear | Samurai |
| 31:14 | Crear | Samurai |
| 31:14 | Crear | Samurai |
| 31:14 | Crear | Samurai |
| 31:20 | Construir | Mining Camp |
| 31:41 | Construir | Town Center |
| 32:45 | Crear | Samurai |
| 32:46 | Crear | Samurai |
| 32:46 | Crear | Samurai |
| 32:46 | Crear | Samurai |
| 33:15 | Crear | Samurai |
| 33:15 | Crear | Samurai |
| 33:16 | Crear | Samurai |
| 33:16 | Crear | Samurai |
| 33:58 | Crear | Samurai |
| 33:58 | Crear | Samurai |
| 33:58 | Crear | Samurai |
Build order — 弔戼
Primeras 150 de 357 acciones detectadas
| 0:02 | Crear | Villager (Male) |
| 0:02 | Crear | Villager (Male) |
| 0:06 | Construir | House |
| 0:08 | Construir | House |
| 0:12 | Crear | Villager (Male) |
| 0:13 | Crear | Villager (Male) |
| 1:32 | Crear | Villager (Male) |
| 2:02 | Crear | Villager (Male) |
| 2:02 | Crear | Villager (Male) |
| 2:16 | Crear | Villager (Male) |
| 2:17 | Crear | Villager (Male) |
| 2:19 | Construir | Lumber Camp |
| 2:47 | Crear | Villager (Male) |
| 2:48 | Crear | Villager (Male) |
| 3:11 | Crear | Villager (Male) |
| 3:11 | Crear | Villager (Male) |
| 3:23 | Crear | Villager (Male) |
| 3:35 | Crear | Villager (Male) |
| 3:35 | Crear | Villager (Male) |
| 4:04 | Construir | House |
| 4:11 | Crear | Villager (Male) |
| 4:11 | Crear | Villager (Male) |
| 4:23 | Crear | Villager (Male) |
| 4:23 | Crear | Villager (Male) |
| 4:31 | Construir | House |
| 4:33 | Construir | House |
| 4:57 | Crear | Villager (Male) |
| 4:57 | Crear | Villager (Male) |
| 4:57 | Crear | Villager (Male) |
| 5:07 | Construir | Mill |
| 5:43 | Crear | Villager (Male) |
| 5:43 | Crear | Villager (Male) |
| 6:06 | Crear | Villager (Male) |
| 6:06 | Crear | Villager (Male) |
| 6:10 | Crear | Villager (Male) |
| 6:11 | Crear | Villager (Male) |
| 6:11 | Crear | Villager (Male) |
| 6:42 | Construir | Farm |
| 7:16 | Construir | Farm |
| 7:51 | Construir | Farm |
| 8:11 | Construir | Mining Camp |
| 8:30 | Investigar | Feudal Age |
| 8:42 | Construir | Farm |
| 10:30 | Crear | Villager (Male) |
| 10:30 | Crear | Villager (Male) |
| 10:57 | Edad | Edad Feudal |
| 10:59 | Construir | Market |
| 11:03 | Construir | Blacksmith |
| 11:29 | Construir | Lumber Camp |
| 11:44 | Investigar | Double-Bit Axe |
| 11:45 | Investigar | Castle Age |
| 11:45 | Investigar | Castle Age |
| 12:10 | Investigar | Horse Collar |
| 14:22 | Crear | Villager (Male) |
| 14:27 | Edad | Edad de los Castillos |
| 14:29 | Construir | Town Center |
| 14:34 | Construir | Town Center |
| 14:49 | Construir | House |
| 14:52 | Crear | Villager (Male) |
| 15:03 | Investigar | Bow Saw |
| 15:05 | Investigar | Heavy Plow |
| 15:08 | Crear | Villager (Male) |
| 15:42 | Crear | Villager (Male) |
| 15:47 | Construir | Farm |
| 16:04 | Construir | Farm |
| 16:05 | Construir | Farm |
| 16:08 | Construir | Farm |
| 16:11 | Construir | Farm |
| 16:13 | Crear | Villager (Male) |
| 16:20 | Crear | Villager (Male) |
| 16:23 | Crear | Villager (Male) |
| 16:27 | Construir | Farm |
| 16:30 | Construir | Farm |
| 16:36 | Crear | Villager (Male) |
| 16:45 | Construir | Farm |
| 16:45 | Crear | Villager (Male) |
| 16:48 | Construir | Farm |
| 16:49 | Construir | Farm |
| 16:52 | Crear | Villager (Male) |
| 16:57 | Construir | Monastery |
| 16:59 | Crear | Villager (Male) |
| 16:59 | Crear | Villager (Male) |
| 17:06 | Construir | House |
| 17:08 | Construir | House |
| 17:09 | Construir | House |
| 17:12 | Crear | Villager (Male) |
| 17:12 | Crear | Villager (Male) |
| 17:16 | Construir | Farm |
| 17:17 | Construir | Farm |
| 17:29 | Crear | Villager (Male) |
| 17:30 | Crear | Villager (Male) |
| 17:39 | Crear | Monk |
| 17:44 | Construir | Farm |
| 17:47 | Construir | Farm |
| 17:48 | Construir | Farm |
| 17:49 | Crear | Villager (Male) |
| 17:49 | Crear | Villager (Male) |
| 17:52 | Construir | Farm |
| 17:56 | Construir | Farm |
| 17:57 | Crear | Villager (Male) |
| 17:57 | Crear | Villager (Male) |
| 18:00 | Investigar | Loom |
| 18:05 | Crear | Villager (Male) |
| 18:06 | Crear | Villager (Male) |
| 18:09 | Construir | Farm |
| 18:11 | Crear | Villager (Male) |
| 18:16 | Construir | Farm |
| 18:17 | Construir | Farm |
| 18:22 | Construir | Farm |
| 18:23 | Crear | Villager (Male) |
| 18:30 | Construir | Farm |
| 18:32 | Crear | Villager (Male) |
| 18:38 | Crear | Villager (Male) |
| 18:38 | Crear | Villager (Male) |
| 18:46 | Crear | Villager (Male) |
| 19:03 | Crear | Villager (Male) |
| 19:09 | Construir | House |
| 19:10 | Construir | House |
| 19:13 | Construir | House |
| 19:15 | Crear | Villager (Male) |
| 19:15 | Crear | Villager (Male) |
| 19:15 | Crear | Villager (Male) |
| 19:16 | Crear | Villager (Male) |
| 19:22 | Construir | Farm |
| 19:25 | Crear | Villager (Male) |
| 19:25 | Crear | Villager (Male) |
| 19:31 | Construir | Town Center |
| 19:32 | Crear | Villager (Male) |
| 19:32 | Crear | Villager (Male) |
| 19:41 | Crear | Villager (Male) |
| 19:42 | Crear | Villager (Male) |
| 19:43 | Crear | Villager (Male) |
| 19:44 | Crear | Villager (Male) |
| 19:46 | Construir | Farm |
| 19:52 | Crear | Villager (Male) |
| 19:52 | Crear | Villager (Male) |
| 19:56 | Construir | Farm |
| 19:58 | Construir | Farm |
| 19:59 | Crear | Villager (Male) |
| 20:11 | Crear | Villager (Male) |
| 20:11 | Crear | Villager (Male) |
| 20:14 | Crear | Villager (Male) |
| 20:14 | Crear | Villager (Male) |
| 20:18 | Crear | Villager (Male) |
| 20:18 | Crear | Villager (Male) |
| 20:35 | Crear | Villager (Male) |
| 20:35 | Crear | Villager (Male) |
| 20:35 | Crear | Villager (Male) |
| 20:39 | Construir | House |
| 20:40 | Construir | House |
Build order — Youtube / Saqo Age of empires 2
Primeras 150 de 432 acciones detectadas
| 0:00 | Crear | Villager (Male) |
| 0:01 | Crear | Villager (Male) |
| 0:01 | Crear | Villager (Male) |
| 0:01 | Crear | Villager (Male) |
| 0:02 | Construir | House |
| 0:03 | Construir | House |
| 1:18 | Construir | Lumber Camp |
| 1:23 | Crear | Villager (Male) |
| 1:23 | Crear | Villager (Male) |
| 1:57 | Crear | Villager (Male) |
| 2:20 | Crear | Villager (Male) |
| 2:20 | Crear | Villager (Male) |
| 2:55 | Crear | Villager (Male) |
| 2:55 | Crear | Villager (Male) |
| 3:18 | Crear | Villager (Male) |
| 3:18 | Crear | Villager (Male) |
| 3:46 | Crear | Villager (Male) |
| 3:47 | Crear | Villager (Male) |
| 3:53 | Construir | House |
| 3:53 | Construir | House |
| 3:54 | Construir | House |
| 4:02 | Crear | Villager (Male) |
| 4:27 | Crear | Villager (Male) |
| 4:27 | Crear | Villager (Male) |
| 4:57 | Crear | Villager (Male) |
| 4:57 | Crear | Villager (Male) |
| 4:58 | Crear | Villager (Male) |
| 5:35 | Crear | Villager (Male) |
| 5:39 | Crear | Villager (Male) |
| 5:42 | Crear | Villager (Male) |
| 5:47 | Crear | Villager (Male) |
| 5:57 | Construir | Mill |
| 6:04 | Crear | Villager (Male) |
| 6:25 | Crear | Villager (Male) |
| 6:37 | Crear | Villager (Male) |
| 7:04 | Crear | Villager (Male) |
| 7:42 | Construir | Mining Camp |
| 8:12 | Construir | Barracks |
| 8:19 | Investigar | Feudal Age |
| 8:28 | Construir | Farm |
| 8:34 | Construir | Farm |
| 9:09 | Crear | Villager (Male) |
| 9:10 | Crear | Villager (Male) |
| 10:32 | Edad | Edad Feudal |
| 10:35 | Construir | Archery Range |
| 10:37 | Construir | Blacksmith |
| 11:26 | Crear | Villager (Male) |
| 11:28 | Crear | Archer |
| 11:41 | Crear | Archer |
| 11:53 | Crear | Archer |
| 11:59 | Investigar | Wheelbarrow |
| 11:59 | Investigar | Castle Age |
| 12:03 | Investigar | Castle Age |
| 12:14 | Crear | Archer |
| 12:35 | Investigar | Horse Collar |
| 12:36 | Investigar | Horse Collar |
| 12:42 | Construir | Farm |
| 12:45 | Construir | Farm |
| 12:55 | Crear | Archer |
| 12:59 | Construir | House |
| 13:04 | Crear | Archer |
| 13:12 | Investigar | Fletching |
| 13:20 | Construir | Farm |
| 13:22 | Construir | Farm |
| 13:38 | Construir | Farm |
| 13:44 | Investigar | Double-Bit Axe |
| 13:47 | Construir | Farm |
| 13:53 | Crear | Archer |
| 14:17 | Crear | Archer |
| 14:34 | Crear | Villager (Male) |
| 14:43 | Edad | Edad de los Castillos |
| 14:48 | Investigar | Bodkin Arrow |
| 15:01 | Crear | Villager (Male) |
| 15:18 | Investigar | Crossbowman (upgrade) |
| 15:35 | Crear | Villager (Male) |
| 16:10 | Crear | Villager (Male) |
| 16:11 | Crear | Villager (Male) |
| 16:17 | Crear | Villager (Male) |
| 16:20 | Construir | Town Center |
| 16:21 | Crear | Villager (Male) |
| 16:23 | Crear | Archer |
| 16:28 | Construir | House |
| 16:29 | Construir | House |
| 16:43 | Construir | Town Center |
| 16:54 | Construir | House |
| 16:55 | Construir | House |
| 17:21 | Construir | Farm |
| 17:24 | Crear | Villager (Male) |
| 17:29 | Crear | Archer |
| 17:35 | Crear | Villager (Male) |
| 17:47 | Crear | Villager (Male) |
| 18:03 | Construir | Stone Wall |
| 18:06 | Crear | Villager (Male) |
| 18:07 | Crear | Villager (Male) |
| 18:12 | Crear | Archer |
| 18:14 | Construir | House |
| 18:14 | Construir | House |
| 18:15 | Construir | House |
| 18:16 | Crear | Villager (Male) |
| 18:19 | Construir | Farm |
| 18:20 | Crear | Villager (Male) |
| 18:22 | Construir | Farm |
| 18:24 | Crear | Villager (Male) |
| 18:27 | Construir | House |
| 18:28 | Construir | House |
| 18:33 | Crear | Villager (Male) |
| 18:47 | Construir | Farm |
| 18:49 | Construir | Farm |
| 18:49 | Crear | Villager (Male) |
| 18:58 | Crear | Villager (Male) |
| 19:02 | Construir | Farm |
| 19:10 | Construir | Farm |
| 19:13 | Construir | Farm |
| 19:18 | Crear | Villager (Male) |
| 19:19 | Construir | Farm |
| 19:22 | Crear | Villager (Male) |
| 19:24 | Construir | Farm |
| 19:30 | Crear | Villager (Male) |
| 19:33 | Construir | Farm |
| 19:42 | Construir | Farm |
| 19:42 | Crear | Villager (Male) |
| 19:53 | Crear | Villager (Male) |
| 20:00 | Construir | Farm |
| 20:02 | Construir | Farm |
| 20:03 | Construir | Farm |
| 20:17 | Construir | Farm |
| 20:19 | Construir | Farm |
| 20:21 | Investigar | Wheelbarrow |
| 20:21 | Investigar | Wheelbarrow |
| 20:28 | Construir | Farm |
| 20:32 | Construir | Farm |
| 20:34 | Construir | Farm |
| 20:35 | Construir | Farm |
| 20:38 | Crear | Villager (Male) |
| 20:38 | Crear | Villager (Male) |
| 20:39 | Crear | Villager (Male) |
| 20:47 | Construir | House |
| 20:50 | Construir | House |
| 20:51 | Construir | House |
| 20:52 | Crear | Villager (Male) |
| 20:52 | Crear | Villager (Male) |
| 21:05 | Crear | Villager (Male) |
| 21:05 | Crear | Villager (Male) |
| 21:07 | Crear | Villager (Male) |
| 21:20 | Construir | Gate |
| 21:21 | Crear | Villager (Male) |
| 21:21 | Crear | Villager (Male) |
| 21:35 | Construir | Town Center |
| 21:38 | Crear | Villager (Male) |
| 21:45 | Construir | House |
Build order — AI (CD Version)
Primeras 150 de 334 acciones detectadas
| 0:00 | Crear | Villager (Male) |
| 0:00 | Crear | Villager (Male) |
| 0:00 | Crear | Villager (Male) |
| 0:02 | Construir | House |
| 0:04 | Construir | House |
| 0:11 | Crear | Villager (Male) |
| 0:11 | Crear | Villager (Male) |
| 1:27 | Crear | Villager (Male) |
| 2:00 | Crear | Villager (Male) |
| 2:11 | Crear | Villager (Male) |
| 2:35 | Construir | Lumber Camp |
| 2:42 | Crear | Villager (Male) |
| 2:58 | Crear | Villager (Male) |
| 3:35 | Crear | Villager (Male) |
| 3:40 | Crear | Villager (Male) |
| 3:49 | Construir | House |
| 4:26 | Crear | Villager (Male) |
| 4:27 | Construir | House |
| 4:27 | Construir | House |
| 4:42 | Construir | Mill |
| 5:00 | Crear | Villager (Male) |
| 5:00 | Crear | Villager (Male) |
| 5:00 | Crear | Villager (Male) |
| 5:26 | Crear | Villager (Male) |
| 5:26 | Crear | Villager (Male) |
| 6:13 | Crear | Villager (Male) |
| 6:20 | Construir | Lumber Camp |
| 6:51 | Crear | Villager (Male) |
| 7:09 | Crear | Villager (Male) |
| 7:11 | Construir | Mining Camp |
| 7:15 | Crear | Villager (Male) |
| 7:15 | Crear | Villager (Male) |
| 7:15 | Crear | Villager (Male) |
| 7:22 | Crear | Villager (Male) |
| 7:43 | Crear | Villager (Male) |
| 7:58 | Crear | Villager (Male) |
| 8:32 | Investigar | Feudal Age |
| 9:51 | Crear | Villager (Male) |
| 9:51 | Crear | Villager (Male) |
| 10:25 | Construir | Farm |
| 10:33 | Construir | Farm |
| 10:55 | Edad | Edad Feudal |
| 10:56 | Construir | Blacksmith |
| 11:02 | Construir | Market |
| 11:27 | Construir | Farm |
| 11:55 | Investigar | Castle Age |
| 12:10 | Crear | Villager (Male) |
| 12:10 | Crear | Villager (Male) |
| 12:29 | Investigar | Double-Bit Axe |
| 13:04 | Investigar | Horse Collar |
| 13:08 | Construir | Farm |
| 13:12 | Construir | Farm |
| 13:14 | Construir | Farm |
| 14:08 | Construir | House |
| 14:18 | Investigar | Wheelbarrow |
| 14:35 | Edad | Edad de los Castillos |
| 14:37 | Construir | Town Center |
| 14:44 | Construir | Town Center |
| 14:56 | Construir | House |
| 15:31 | Crear | Villager (Male) |
| 15:44 | Investigar | Bow Saw |
| 16:16 | Crear | Villager (Male) |
| 16:17 | Crear | Villager (Male) |
| 16:20 | Construir | House |
| 16:30 | Crear | Villager (Male) ×2 |
| 16:33 | Construir | Monastery |
| 16:37 | Construir | Farm |
| 16:37 | Construir | Farm |
| 16:52 | Crear | Villager (Male) |
| 17:10 | Crear | Villager (Male) |
| 17:10 | Crear | Villager (Male) |
| 17:20 | Construir | Farm |
| 17:20 | Construir | Farm |
| 17:21 | Construir | Farm |
| 17:22 | Construir | Farm |
| 17:23 | Crear | Villager (Male) |
| 17:26 | Crear | Villager (Male) ×2 |
| 17:51 | Crear | Villager (Male) |
| 18:00 | Crear | Villager (Male) |
| 18:00 | Crear | Villager (Male) |
| 18:02 | Crear | Monk |
| 18:04 | Construir | House |
| 18:05 | Construir | House |
| 18:05 | Construir | House |
| 18:14 | Construir | Farm |
| 18:14 | Construir | Farm |
| 18:20 | Crear | Villager (Male) |
| 18:31 | Crear | Villager (Male) |
| 18:31 | Crear | Villager (Male) |
| 18:33 | Construir | Farm |
| 18:34 | Construir | Farm |
| 18:34 | Construir | Farm |
| 18:35 | Crear | Villager (Male) |
| 18:43 | Crear | Villager (Male) |
| 19:05 | Crear | Villager (Male) |
| 19:05 | Crear | Villager (Male) |
| 19:08 | Construir | Farm |
| 19:09 | Construir | Farm |
| 19:09 | Construir | Farm |
| 19:10 | Construir | Farm |
| 19:14 | Construir | Farm |
| 19:15 | Crear | Villager (Male) |
| 19:17 | Crear | Villager (Male) |
| 19:32 | Crear | Villager (Male) |
| 19:32 | Crear | Villager (Male) |
| 19:34 | Construir | House |
| 19:38 | Crear | Villager (Male) |
| 19:44 | Crear | Villager (Male) |
| 19:51 | Crear | Villager (Male) |
| 19:54 | Construir | Farm |
| 20:01 | Construir | Town Center |
| 20:10 | Construir | House |
| 20:23 | Crear | Villager (Male) ×4 |
| 20:30 | Crear | Monk |
| 20:30 | Crear | Villager (Male) |
| 20:35 | Crear | Villager (Male) |
| 20:36 | Crear | Villager (Male) |
| 20:45 | Crear | Villager (Male) |
| 20:46 | Crear | Villager (Male) |
| 20:50 | Construir | Mining Camp |
| 20:54 | Construir | Mining Camp |
| 20:54 | Crear | Villager (Male) ×2 |
| 20:58 | Investigar | Gold Mining |
| 21:02 | Investigar | Heavy Plow |
| 21:02 | Crear | Villager (Male) |
| 21:03 | Crear | Villager (Male) |
| 21:05 | Construir | Farm |
| 21:10 | Construir | House |
| 21:11 | Construir | House |
| 21:11 | Construir | House |
| 21:12 | Construir | House |
| 21:12 | Construir | House |
| 21:13 | Construir | House |
| 21:15 | Crear | Villager (Male) |
| 21:19 | Crear | Villager (Male) |
| 21:25 | Crear | Villager (Male) |
| 21:30 | Crear | Villager (Male) |
| 21:34 | Construir | Farm |
| 21:36 | Crear | Villager (Male) |
| 21:36 | Crear | Villager (Male) |
| 21:44 | Construir | Mining Camp |
| 21:47 | Investigar | Loom |
| 21:47 | Crear | Villager (Male) |
| 21:59 | Crear | Villager (Male) ×2 |
| 22:07 | Construir | Siege Workshop |
| 22:13 | Crear | Villager (Male) ×3 |
| 22:23 | Crear | Villager (Male) |
| 22:23 | Crear | Villager (Male) |
| 22:31 | Crear | Villager (Male) |
| 22:33 | Crear | Villager (Male) |
Build order — MACTSAI5125
Primeras 150 de 339 acciones detectadas
| 0:01 | Crear | Villager (Male) |
| 0:01 | Crear | Villager (Male) |
| 0:03 | Construir | House |
| 0:05 | Construir | House |
| 0:09 | Crear | Villager (Male) |
| 0:10 | Crear | Villager (Male) |
| 0:10 | Crear | Villager (Male) |
| 1:31 | Crear | Villager (Male) |
| 1:31 | Crear | Villager (Male) |
| 1:46 | Construir | Lumber Camp |
| 2:03 | Crear | Villager (Male) |
| 2:03 | Crear | Villager (Male) |
| 2:22 | Crear | Villager (Male) |
| 2:23 | Crear | Villager (Male) |
| 3:13 | Crear | Villager (Male) |
| 3:14 | Crear | Villager (Male) |
| 3:24 | Construir | House |
| 3:43 | Crear | Villager (Male) |
| 3:44 | Crear | Villager (Male) |
| 3:44 | Crear | Villager (Male) |
| 3:51 | Construir | Mill |
| 4:05 | Crear | Villager (Male) |
| 4:05 | Crear | Villager (Male) |
| 4:52 | Crear | Villager (Male) |
| 4:52 | Crear | Villager (Male) |
| 5:03 | Construir | House |
| 5:10 | Crear | Villager (Male) |
| 5:11 | Crear | Villager (Male) |
| 5:53 | Construir | Farm |
| 5:56 | Crear | Villager (Male) |
| 6:19 | Construir | Mining Camp |
| 6:44 | Construir | Farm |
| 6:48 | Crear | Villager (Male) |
| 7:14 | Construir | House |
| 7:29 | Crear | Villager (Male) |
| 7:51 | Crear | Villager (Male) |
| 7:58 | Construir | Farm |
| 8:02 | Investigar | Feudal Age |
| 8:06 | Crear | Villager (Male) |
| 8:38 | Construir | Farm |
| 8:43 | Investigar | Feudal Age |
| 10:08 | Construir | Farm |
| 10:13 | Crear | Villager (Male) |
| 10:19 | Construir | Farm |
| 10:53 | Construir | Farm |
| 11:05 | Construir | Market |
| 11:08 | Construir | Blacksmith |
| 11:17 | Crear | Villager (Male) |
| 11:43 | Investigar | Castle Age |
| 11:51 | Construir | House |
| 11:56 | Investigar | Double-Bit Axe |
| 12:04 | Construir | Farm |
| 12:26 | Investigar | Horse Collar |
| 12:36 | Crear | Villager (Male) |
| 14:28 | Crear | Villager (Male) |
| 14:30 | Construir | Town Center |
| 14:35 | Construir | Town Center |
| 14:39 | Investigar | Bow Saw |
| 14:43 | Investigar | Heavy Plow |
| 14:58 | Crear | Villager (Male) |
| 15:15 | Crear | Villager (Male) |
| 15:22 | Construir | House |
| 15:33 | Crear | Villager (Male) |
| 15:45 | Crear | Villager (Male) |
| 15:57 | Construir | Farm |
| 16:00 | Construir | Farm |
| 16:07 | Crear | Villager (Male) |
| 16:10 | Investigar | Wheelbarrow |
| 16:20 | Crear | Villager (Male) |
| 16:29 | Crear | Villager (Male) |
| 16:35 | Construir | Farm |
| 16:41 | Construir | House |
| 16:45 | Crear | Villager (Male) |
| 16:46 | Crear | Villager (Male) |
| 16:50 | Construir | Farm |
| 16:58 | Construir | Farm |
| 17:02 | Construir | House |
| 17:06 | Crear | Villager (Male) |
| 17:12 | Crear | Villager (Male) |
| 17:16 | Construir | Farm |
| 17:18 | Construir | Farm |
| 17:21 | Construir | House |
| 17:26 | Crear | Villager (Male) |
| 17:33 | Construir | Farm |
| 17:39 | Crear | Villager (Male) |
| 17:42 | Construir | House |
| 17:47 | Crear | Villager (Male) |
| 18:00 | Construir | Town Center |
| 18:03 | Crear | Villager (Male) |
| 18:04 | Crear | Villager (Male) |
| 18:10 | Construir | House |
| 18:22 | Crear | Villager (Male) |
| 18:26 | Construir | Farm |
| 18:33 | Crear | Villager (Male) |
| 18:39 | Construir | Farm |
| 18:45 | Construir | Lumber Camp |
| 18:51 | Crear | Villager (Male) |
| 18:52 | Crear | Villager (Male) |
| 18:53 | Crear | Villager (Male) |
| 19:01 | Construir | House |
| 19:03 | Crear | Villager (Male) |
| 19:04 | Crear | Villager (Male) |
| 19:15 | Construir | Farm |
| 19:18 | Construir | Farm |
| 19:22 | Construir | Mining Camp |
| 19:23 | Investigar | Stone Mining |
| 19:33 | Construir | Farm |
| 19:36 | Construir | Farm |
| 19:39 | Construir | House |
| 19:43 | Crear | Villager (Male) |
| 19:44 | Crear | Villager (Male) |
| 19:46 | Crear | Villager (Male) |
| 19:53 | Construir | House |
| 20:01 | Construir | House |
| 20:03 | Crear | Villager (Male) |
| 20:05 | Construir | Farm |
| 20:07 | Construir | Farm |
| 20:17 | Crear | Villager (Male) |
| 20:18 | Crear | Villager (Male) |
| 20:18 | Crear | Villager (Male) |
| 20:24 | Construir | Farm |
| 20:26 | Construir | Farm |
| 20:28 | Crear | Villager (Male) |
| 20:30 | Crear | Villager (Male) |
| 20:39 | Crear | Villager (Male) |
| 20:40 | Crear | Villager (Male) |
| 20:46 | Construir | House |
| 20:51 | Crear | Villager (Male) |
| 20:52 | Crear | Villager (Male) |
| 20:58 | Construir | Farm |
| 21:03 | Construir | Farm |
| 21:04 | Construir | Farm |
| 21:06 | Construir | Farm |
| 21:08 | Construir | Farm |
| 21:11 | Construir | Farm |
| 21:12 | Investigar | Gold Mining |
| 21:15 | Construir | Mill |
| 21:16 | Construir | Farm |
| 21:17 | Construir | Farm |
| 21:17 | Construir | Farm |
| 21:17 | Construir | Farm |
| 21:21 | Crear | Villager (Male) |
| 21:22 | Crear | Villager (Male) |
| 21:23 | Crear | Villager (Male) |
| 21:27 | Crear | Villager (Male) |
| 21:31 | Construir | Mining Camp |
| 21:36 | Construir | Farm |
| 21:39 | Construir | House |
| 21:46 | Crear | Villager (Male) |
| 21:47 | Crear | Villager (Male) |
Build order — 76561199637451154
Primeras 150 de 243 acciones detectadas
| 0:01 | Crear | Villager (Male) |
| 0:01 | Crear | Villager (Male) |
| 0:01 | Crear | Villager (Male) |
| 0:02 | Construir | House |
| 0:03 | Construir | House |
| 0:16 | Crear | Villager (Male) |
| 0:17 | Crear | Villager (Male) |
| 1:33 | Crear | Villager (Male) |
| 1:33 | Crear | Villager (Male) |
| 1:49 | Construir | Lumber Camp |
| 1:54 | Crear | Villager (Male) |
| 1:55 | Crear | Villager (Male) |
| 2:17 | Crear | Villager (Male) |
| 2:17 | Crear | Villager (Male) |
| 2:54 | Crear | Villager (Male) |
| 2:54 | Crear | Villager (Male) |
| 2:55 | Crear | Villager (Male) |
| 3:08 | Crear | Villager (Male) |
| 3:09 | Crear | Villager (Male) |
| 4:00 | Construir | House |
| 4:05 | Crear | Villager (Male) |
| 4:05 | Crear | Villager (Male) |
| 4:05 | Crear | Villager (Male) |
| 4:20 | Construir | Mill |
| 4:37 | Crear | Villager (Male) |
| 4:38 | Crear | Villager (Male) |
| 5:20 | Crear | Villager (Male) |
| 5:20 | Crear | Villager (Male) |
| 5:35 | Crear | Villager (Male) |
| 5:35 | Crear | Villager (Male) |
| 5:36 | Crear | Villager (Male) |
| 5:37 | Crear | Villager (Male) |
| 5:37 | Crear | Villager (Male) |
| 5:58 | Construir | House |
| 5:59 | Construir | House |
| 6:11 | Crear | Villager (Male) |
| 6:11 | Crear | Villager (Male) |
| 6:34 | Crear | Villager (Male) |
| 6:34 | Crear | Villager (Male) |
| 6:55 | Crear | Villager (Male) |
| 6:55 | Crear | Villager (Male) |
| 6:55 | Crear | Villager (Male) |
| 7:22 | Crear | Villager (Male) |
| 7:22 | Crear | Villager (Male) |
| 7:33 | Crear | Villager (Male) |
| 7:33 | Crear | Villager (Male) |
| 7:40 | Construir | Mining Camp |
| 7:47 | Crear | Villager (Male) |
| 8:09 | Construir | Farm |
| 8:13 | Construir | Farm |
| 8:39 | Construir | Mining Camp |
| 9:33 | Investigar | Feudal Age |
| 10:10 | Crear | Villager (Male) |
| 10:10 | Crear | Villager (Male) |
| 11:46 | Edad | Edad Feudal |
| 11:47 | Construir | Market |
| 11:49 | Construir | Blacksmith |
| 11:59 | Investigar | Double-Bit Axe |
| 12:35 | Investigar | Castle Age |
| 12:36 | Investigar | Castle Age |
| 13:22 | Investigar | Horse Collar |
| 13:37 | Investigar | Loom |
| 13:43 | Construir | Farm |
| 13:47 | Construir | Farm |
| 15:02 | Construir | House |
| 15:16 | Edad | Edad de los Castillos |
| 15:21 | Construir | Castle |
| 15:24 | Crear | Villager (Male) |
| 15:25 | Crear | Villager (Male) |
| 15:25 | Crear | Villager (Male) |
| 15:33 | Construir | Farm |
| 15:33 | Construir | Farm |
| 15:34 | Construir | Farm |
| 15:34 | Construir | Farm |
| 15:40 | Construir | Mining Camp |
| 15:59 | Construir | Town Center |
| 16:18 | Crear | Villager (Male) |
| 16:38 | Crear | Villager (Male) |
| 16:47 | Construir | Farm |
| 16:49 | Construir | Farm |
| 16:52 | Crear | Villager (Male) |
| 17:20 | Construir | Stone Wall |
| 17:23 | Crear | Villager (Male) |
| 17:34 | Crear | Villager (Male) |
| 17:36 | Crear | Villager (Male) |
| 17:37 | Crear | Villager (Male) |
| 17:50 | Crear | Hussite Wagon |
| 17:57 | Crear | Villager (Male) |
| 17:57 | Crear | Villager (Male) |
| 18:34 | Crear | Villager (Male) |
| 18:35 | Crear | Villager (Male) |
| 18:41 | Construir | Farm |
| 18:41 | Construir | Farm |
| 18:56 | Crear | Villager (Male) |
| 18:59 | Construir | Farm |
| 19:14 | Crear | Villager (Male) |
| 19:14 | Crear | Villager (Male) |
| 19:29 | Crear | Villager (Male) |
| 19:29 | Crear | Villager (Male) |
| 19:31 | Construir | Farm |
| 19:51 | Crear | Villager (Male) |
| 19:59 | Construir | Castle |
| 20:22 | Crear | Villager (Male) |
| 20:24 | Construir | Farm |
| 20:25 | Construir | Farm |
| 20:25 | Crear | Villager (Male) |
| 20:43 | Crear | Villager (Male) |
| 20:43 | Crear | Villager (Male) |
| 20:46 | Construir | Farm |
| 20:47 | Construir | Farm |
| 21:02 | Crear | Villager (Male) |
| 21:18 | Construir | Monastery |
| 21:30 | Crear | Villager (Male) |
| 21:31 | Crear | Villager (Male) |
| 22:00 | Crear | Villager (Male) |
| 22:01 | Crear | Villager (Male) |
| 22:08 | Crear | Hussite Wagon |
| 22:09 | Crear | Hussite Wagon |
| 22:09 | Crear | Hussite Wagon |
| 22:11 | Crear | Petard |
| 22:11 | Crear | Petard |
| 22:16 | Crear | Villager (Male) |
| 22:17 | Construir | Farm |
| 22:18 | Crear | Villager (Male) |
| 22:20 | Investigar | Fervor |
| 22:21 | Investigar | Fervor |
| 22:25 | Investigar | Wheelbarrow |
| 22:25 | Investigar | Wheelbarrow |
| 22:26 | Crear | Villager (Male) |
| 22:27 | Crear | Villager (Male) |
| 22:30 | Construir | Lumber Camp |
| 22:48 | Crear | Villager (Male) |
| 23:23 | Crear | Villager (Male) |
| 23:26 | Crear | Villager (Male) |
| 23:41 | Construir | Castle |
| 24:08 | Crear | Villager (Male) |
| 24:10 | Crear | Villager (Male) |
| 24:14 | Construir | Mill |
| 24:15 | Construir | Farm |
| 24:15 | Construir | Farm |
| 24:15 | Construir | Farm |
| 24:16 | Construir | Farm |
| 24:16 | Construir | Farm |
| 24:16 | Construir | Farm |
| 24:16 | Construir | Farm |
| 25:36 | Investigar | Imperial Age |
| 25:36 | Investigar | Imperial Age |
| 25:54 | Crear | Hussite Wagon |
| 25:55 | Crear | Hussite Wagon |
| 25:55 | Crear | Hussite Wagon |
Cronología de la partida
| 8:12 | Youtube / Saqo Age of empires 2 · first_building Barracks |
| 10:32 | Youtube / Saqo Age of empires 2 · age_up feudal |
| 10:35 | Youtube / Saqo Age of empires 2 · first_building Archery Range |
| 10:55 | AI (CD Version) · age_up feudal |
| 10:57 | 白鹿城大兵WOLOLO · age_up feudal |
| 10:57 | Black-ants · age_up feudal |
| 10:57 | 弔戼 · age_up feudal |
| 11:46 | 76561199637451154 · age_up feudal |
| 11:54 | AI (CD Version) · first_market_buy 100 food |
| 11:55 | AI (CD Version) · first_market_sell 100 wood |
| 14:27 | 弔戼 · age_up castle |
| 14:35 | AI (CD Version) · age_up castle |
| 14:39 | Black-ants · age_up castle |
| 14:43 | Youtube / Saqo Age of empires 2 · age_up castle |
| 14:48 | 白鹿城大兵WOLOLO · age_up castle |
| 14:54 | 白鹿城大兵WOLOLO · first_building Castle |
| 15:16 | 76561199637451154 · age_up castle |
| 15:21 | 76561199637451154 · first_building Castle |
| 15:21 | Black-ants · first_building Monastery |
| 15:35 | Mr CHEN9898 · wall_segment Stone Wall x1 |
| 15:41 | Mr CHEN9898 · first_building Castle |
| 16:33 | AI (CD Version) · first_building Monastery |
| 16:49 | 白鹿城大兵WOLOLO · first_market_buy 100 stone |
| 16:51 | 白鹿城大兵WOLOLO · first_market_sell 100 wood |
| 16:51 | Mr CHEN9898 · wall_segment Stone Wall x9 |
| 16:57 | 弔戼 · first_building Monastery |
| 17:01 | Mr CHEN9898 · wall_segment Stone Wall x4 |
| 17:02 | Mr CHEN9898 · wall_segment Stone Wall x1 |
| 17:03 | Mr CHEN9898 · wall_segment Stone Wall x1 |
| 17:20 | 76561199637451154 · wall_segment Stone Wall x14 |
| 17:45 | Mr CHEN9898 · first_building Siege Workshop |
| 17:55 | Mr CHEN9898 · wall_segment Stone Wall x4 |
| 18:03 | Youtube / Saqo Age of empires 2 · wall_segment Stone Wall x1 |
| 19:15 | 白鹿城大兵WOLOLO · first_building Siege Workshop |
| 20:42 | 76561199637451154 · first_market_buy 100 food |
| 21:18 | 76561199637451154 · first_building Monastery |
| 22:04 | Youtube / Saqo Age of empires 2 · first_building Siege Workshop |
| 22:07 | AI (CD Version) · first_building Siege Workshop |
| 22:09 | MACTSAI5125 · first_building Monastery |
| 22:47 | Mr CHEN9898 · wall_segment Stone Wall x3 |
| 22:57 | Black-ants · first_building Barracks |
| 23:13 | Mr CHEN9898 · first_market_buy 100 food |
| 23:20 | Black-ants · first_market_sell 100 food |
| 23:42 | 弔戼 · first_building Castle |
| 24:02 | MACTSAI5125 · first_building Castle |
| 24:16 | Black-ants · first_building Archery Range |
| 24:41 | MACTSAI5125 · first_building Barracks |
| 25:16 | AI (CD Version) · first_building Castle |
| 25:29 | 弔戼 · first_building Siege Workshop |
| 25:37 | Mr CHEN9898 · resign |
| 25:46 | MACTSAI5125 · first_building Siege Workshop |
| 26:24 | Black-ants · first_building Siege Workshop |
| 26:24 | 弔戼 · first_market_sell 500 food |
| 26:27 | AI (CD Version) · first_building Barracks |
| 26:31 | Black-ants · age_up imperial |
| 27:39 | AI (CD Version) · first_building Archery Range |
| 27:44 | AI (CD Version) · first_building Stable |
| 27:58 | Youtube / Saqo Age of empires 2 · first_market_sell 100 food |
| 28:33 | 弔戼 · first_building Barracks |
| 28:46 | 76561199637451154 · first_market_sell 100 food |
| 28:46 | 76561199637451154 · age_up imperial |
| 29:27 | AI (CD Version) · age_up imperial |
| 29:30 | 弔戼 · first_building Stable |
| 29:32 | 弔戼 · first_building Archery Range |
| 30:10 | 弔戼 · age_up imperial |
| 30:19 | MACTSAI5125 · wall_segment Stone Wall x1 |
| 30:24 | MACTSAI5125 · wall_segment Stone Wall x1 |
| 31:58 | Youtube / Saqo Age of empires 2 · age_up imperial |
| 34:37 | Youtube / Saqo Age of empires 2 · first_building Castle |
[ ANÁLISIS IA · 1 CRÉDITO ]
¿Qué pasó realmente en esta partida?
Wolo.gg analiza cada decisión: build order, eco, micro, errores típicos por bracket. Análisis personalizado por WhatsApp o Discord en 30 segundos.
Guía civ
Britanos
Guía mapa
Arena
Perfil
Jugador #57621